 Dungeon Crawl Stone Soup version 0.29-a0-384-g6960b1960d (webtiles) character file.

Game seed: 6972918621010519566

24 Bruhh the Chiller (level 2, 7/19 HPs)
             Began as a Demonspawn Ice Elementalist on May 7, 2022.
             Quit the game on level 2 of the Dungeon.
             The game lasted 00:02:58 (1268 turns).

Bruhh the Chiller (Demonspawn Ice Elementalist)     Turns: 1268, Time: 00:02:59

Health: 7/19       AC:  2    Str:  8    XL:     2   Next: 79%
Magic:  5/5        EV: 12    Int: 16    God:
Gold:   32         SH:  0    Dex: 13    Spells: 4/5 levels left

rFire   . . .      SeeInvis .   (no weapon)
rCold   . . .      Faith    .   (no shield)
rNeg    . . .      Spirit   .   a - +0 robe
rPois   .          Reflect  .   (no helmet)
rElec   .          Harm     .   (no cloak)
rCorr   .          Rampage  .   (no gloves)
Will    .....                   (no boots)
Stlth   ++........              (no amulet)
HPRegen 0.06/turn               (no ring)
MPRegen 0.09/turn               (no ring)

@: no status effects
A: spiny 1
a: no special abilities


You were on level 2 of the Dungeon.
You visited 1 branch of the dungeon, and saw 2 of its levels.

You collected 32 gold pieces.

Inventory:

Armour
 a - a +0 robe (worn)
Scrolls
 c - a scroll of fear {unknown}
 d - a scroll of teleportation {unknown}
 f - a scroll of enchant weapon {unknown}
 g - a scroll of noise {unknown}
 h - a scroll of blinking {unknown}
Potions
 e - a potion of mutation {unknown}
 i - a potion of haste {unknown}


   Skills:
 - Level 1.7 Dodging
 - Level 1.7 Stealth
 - Level 2.0 Spellcasting
 + Level 4.4 Ice Magic


You had 4 spell levels left.
You knew the following spells:

 Your Spells              Type           Power      Damage    Failure   Level
a - Freeze                Ice            60%        1d8       3%          1

Your spell library contained the following spells:

 Spells                   Type           Power      Damage    Failure   Level
 Frozen Ramparts          Ice            30%        1d5       10%         3
 Ozocubu's Armour         Ice            15%        N/A       10%         3
 Magic Dart               Conj           4%         1d3       21%         1
 Call Imp                 Summ           1%         N/A       30%         2
 Mephitic Cloud           Conj/Pois/Air  1%         N/A       52%         3
 Hailstorm                Conj/Ice       8%         3d4       63%         4


Dungeon Overview and Level Annotations

Branches:
Dungeon (2/15)

Altars:

Annotations:
D:2 Jessica


Innate Abilities, Weirdness & Mutations

You are partially covered in sharp spines.


Message History

Jessica is nearby!
Jessica is nearby!
Jessica is nearby!
Jessica is nearby!
Jessica shouts!
You hear a shout!
You hear an angry hiss.
You see here 9 gold pieces.
Found a fuming grey potion.
You can't see any susceptible monsters within range! (Use Z to cast anyway.)
You freeze Jessica.
Jessica is moderately wounded.
A bat comes into view.
A hobgoblin comes into view.
An adder comes into view.
Jessica hits you with a +0 dagger.
The bat moves out of view.
You barely miss Jessica.
Jessica is moderately wounded.
Jessica casts a spell at you. Pain shoots through your body!
You are too injured to fight recklessly!
You are too injured to fight recklessly!
You are too injured to fight recklessly!
You are too injured to fight recklessly!
You are too injured to fight recklessly!
You are too injured to fight recklessly!
Magic courses through your body.
The adder hisses angrily.
Jessica mumbles some strange words.
Jessica blinks!
You are too injured to fight recklessly!
You are too injured to fight recklessly!
You are too injured to fight recklessly!
You are too injured to fight recklessly!
Jessica gestures wildly while chanting.
Jessica blinks!
You see here 8 gold pieces.
Casting: Freeze (safe; 3% risk of failure)
Confirm with . or Enter, or press ? or * to list all spells.
You can't see any susceptible monsters within range! (Use Z to cast anyway.) Unknown command.
Unknown command.
You are too injured to fight recklessly!
Are you sure you want to abandon this character and quit the game? (Confirm with "yes".)

#.###.######
#.....#
+.....#######
####........#
#........#
#........#
#..$.....#
#........#
#.@......#
#..!..........#
#.####≈P..@...#
#♣≈.S.####
♣g..♣P#
≈≈...P≈#
≈...≈≈≈≈♣
≈≈....P≈≈≈


You could see an adder, Jessica and a hobgoblin.

Vanquished Creatures
  An adder (D:2)
  A dart slug (D:1)
  A goblin (D:1)
  A hobgoblin (D:1)
  A quokka (D:1)
  6 bats
  2 frilled lizards (D:1)
  A kobold (D:1)
  2 rats (D:1)
16 creatures vanquished.

Notes
Turn   | Place    | Note
-------+----------+-------------------------------------------
     0 | D:1      | Bruhh the Demonspawn Ice Elementalist began the quest for
                  | the Orb.
     0 | D:1      | Reached XP level 1. HP: 13/13 MP: 3/3
     8 | D:1      | Found a faded altar of an unknown god.
   490 | D:1      | Reached skill level 4 in Ice Magic
   662 | D:1      | Gained mutation: You are partially covered in sharp spines.
                  | [demonic ancestry]
   662 | D:1      | Reached XP level 2. HP: 18/19 MP: 3/5
  1043 | D:2      | Noticed a scorpion
  1260 | D:2      | Noticed Jessica
  1268 | D:2      | Quit the game

Illustrated notes

Levels and vault maps discovered:
D:1:      tarquinn_simple_flora_water_a, layout_basic,
          chequers_ecumenical_altar_simple
D:2:      layout_basic, chequers_serial_rivers_marsh, serial_bayou_ford_a,
          nicolae_concentric_dashed_squares_wild, minmay_misc_feat_pillars,
          uniq_jessica, uniq_robin

Skill      XL: |  1 |
---------------+----+-----
Ice Magic      | 4 |  4.4
Dodging        | |  1.7
Stealth        | |  1.7
Spellcasting   | |  2.0

Action                   || total
-------------------------++-------
Melee: Unarmed           ||     7
 Cast: Freeze            ||    23
  Use: Potion            ||     1
Armor: Robe              ||     2
Dodge: Dodged            ||    19

Table legend: (Time is in decaauts)
 A = Elapsed time spent in this place.
 B = Non-inter-level travel time spent in this place.
 C = Inter-level travel time spent in this place.
 D = Time resting spent in this place.
 E = Time spent auto-exploring this place.
 F = Levels seen in this place.
 G = Mean time per level.
                   A        B        C        D        E       F      G
               +--------+--------+--------+--------+--------+-----+--------+
         Total |   1267 |   1267 |      0 |      0 |   1104 |   2 |  633.5 |
       Dungeon |   1267 |   1267 |      0 |      0 |   1104 |   2 |  633.5 |
               +--------+--------+--------+--------+--------+-----+--------+

Top non-repeatable levels by time:
     D:1: 965 daAuts
     D:2: 302 daAuts
